AoeStats
← tHeDesiRe

Hideout

509107966Analyzed
1v1 RM · 8d ago on Sep 25, 2026· 41m 49s· 2 players
Game mode
Random Map
Map size
Tiny (2 player)
Population
200
Speed
Normal
Resources
Standard
Victory
Conquest
Starting age
Dark Age
Ending age
Imperial Age
RankedLock teamsTeams togetherTeam positionsShared explorationLock speedFull tech treeHidden civsTurbo modeCheats
Victory
Defeat
🇩🇪 Vietnamese · Germany
1233
+17
🇩🇪 Saxons · Germany
1251
-17
tHeDesiRe
10:16 Feudal Age
9:45 Loom
11:30 Fletching
12:45 Double-Bit Axe
14:06 Horse Collar
22:58 Castle Age
21:24 Padded Archer Armor
21:48 Gold Mining
23:53 Bodkin Arrow
23:20 Crossbowman
24:27 Bow Saw
26:05 Leather Archer Armor
26:13 Heavy Plow
28:10 Wheelbarrow
27:34 Arson
27:58 Scale Mail Armor
30:09 Town Watch
30:39 Stone Mining
33:06 Town Patrol
35:39 Imperial Age
33:30 Squires
34:05 Forging
34:59 Hand Cart
35:17 Elite Skirmisher
37:06 Chain Mail Armor
36:53 Bracer
37:15 Ballistics
36:23 Imperial Skirmisher
38:22 Two-Man Saw
37:49 Town Patrol
39:49 Chemistry
40:34 Plate Mail Armor
41:09 Stone Shaft Mining
42:33 Crop Rotation
42:49 Iron Casting
BeyondRage
8:01 Loom
9:57 Feudal Age
10:33 Man-at-Arms
12:17 Double-Bit Axe
14:51 Fletching
15:34 Padded Archer Armor
22:52 Castle Age
24:09 Elite Skirmisher
24:48 Bodkin Arrow
28:23 Wheelbarrow
29:29 Hand Cart
30:07 Thumb Ring
30:04 Gold Mining
32:21 Gold Shaft Mining
33:44 Bow Saw
34:47 Stone Mining
35:27 Leather Archer Armor
35:05 Horse Collar
36:24 Scale Mail Armor
37:09 Forging
37:31 Squires
38:04 Chain Mail Armor
39:00 Iron Casting
37:54 Pikeman
39:33 Ballistics
43:29 Imperial Age
Connection lost

Rejoining the realm…

Still unreachable

The connection could not be restored.

Session expired

The server has moved on; the page needs a fresh start.